MWL (24 & UNDER)
COLUMBIA 08S @ WISCONSIN RAPIDS RANGERS
05/11/2027
 
TOP OF THE 1ST
Columbia 08s batting - Pitching for Wisconsin Rapids Rangers : RHP Jack Hampton
Pitching: RHP Jack Hampton
Batting: SHB William Hamilton 0-0: Called Strike
0-1: Fly out, F8 (Flyball, 8RS)
Batting: RHB Pablo Díaz 0-0: Ball
1-0: Ball
2-0: Called Strike
2-1: Called Strike
2-2: Foul Ball, location: 2F
2-2: Ball
3-2: Fly out, F9 (Flyball, 9S)
Batting: RHB Tom Hicks 0-0: Ball
1-0: Called Strike
1-1: Foul Ball, location: 2F
1-2: Foul Ball, location: 2F
1-2: Ball
2-2: Strikes out swinging
Top of the 1st over - 0 run(s), 0 hit(s), 0 error(s), 0 left on base; Columbia 0 - Wisconsin Rapids 0
BOTTOM OF THE 1ST
Wisconsin Rapids Rangers batting - Pitching for Columbia 08s : RHP Jorge Amador
Pitching: RHP Jorge Amador
Batting: SHB José González 0-0: Called Strike
0-1: Called Strike
0-2: Foul Ball, location: 2F
0-2: Foul Ball, location: 2F
0-2: Strikes out swinging
Batting: LHB Ralph Cobb 0-0: TRIPLE (Line Drive, 5L)
Batting: LHB Ramón Morales 0-0: Ball
1-0: Called Strike
1-1: Swinging Strike
1-2: Strikes out swinging
Batting: LHB Dave Reynolds 0-0: Ball
1-0: Swinging Strike
1-1: Ball
2-1: Ground out 3-1 (Groundball, 34S)
Bottom of the 1st over - 0 run(s), 1 hit(s), 0 error(s), 1 left on base; Columbia 0 - Wisconsin Rapids 0
TOP OF THE 2ND
Columbia 08s batting - Pitching for Wisconsin Rapids Rangers : RHP Jack Hampton
Batting: SHB Juan Carlos González 0-0: Foul Ball, location: 2F
0-1: Ball
1-1: Ball
2-1: Ball
3-1: Foul Ball, location: 2F
3-2: Foul Ball, location: 2F
3-2: Base on Balls
Batting: RHB Jorge Mora 0-0: Ball
1-0: Called Strike
1-1: Hit by Pitch
Juan Carlos González to second
Batting: RHB Nicoli Turina 0-0: Called Strike
0-1: Foul Ball, location: 2F
0-2: Foul Ball, location: 2F
0-2: Ball
1-2: Ball
2-2: Ball
3-2: SINGLE (Line Drive, 6MD)
Juan Carlos González to third
Jorge Mora to second
Runner from 3rd tries for Home, SAFE, no throw
Batting: RHB Chris Burrell 0-0: Swinging Strike
0-1: Ball
1-1: Ball
2-1: Ball
3-1: Foul Ball, location: 2F
3-2: Base on Balls
Jorge Mora to third
Nicoli Turina to second
Batting: RHB Pedro López 0-0: Ball
1-0: Called Strike
Balk!
Jorge Mora scores
Nicoli Turina to third
Chris Burrell to second
1-1: Called Strike
1-2: SINGLE (Groundball, 4MD)
Nicoli Turina scores
Chris Burrell to third
Batting: RHB Juan Trujillo 0-0: Ball
1-0: Called Strike
Pedro López is caught stealing 2nd base
1-1: SINGLE (Groundball, 6MD)
Chris Burrell scores
Batting: SHB William Hamilton 0-0: Ball
Juan Trujillo steals 2nd base
1-0: Ground out 6-3 (Groundball, 6)
Batting: RHB Pablo Díaz 0-0: Ball
1-0: Ball
2-0: Swinging Strike
2-1: 2-RUN HOME RUN (Flyball, 7LD), Distance : 346 ft
Pitching: RHP Júlio Feliciano
Batting: RHB Tom Hicks 0-0: Ground out 5-3 (Groundball, 56S)
Top of the 2nd over - 6 run(s), 4 hit(s), 0 error(s), 0 left on base; Columbia 6 - Wisconsin Rapids 0
BOTTOM OF THE 2ND
Wisconsin Rapids Rangers batting - Pitching for Columbia 08s : RHP Jorge Amador
Batting: RHB Miguel Toro 0-0: Ball
1-0: Ball
2-0: Called Strike
2-1: SINGLE (Line Drive, 6MD)
Batting: RHB António Martínez 0-0: Ball
Wild Pitch!
Miguel Toro to second
1-0: Ball
2-0: Called Strike
2-1: Called Strike
2-2: Strikes out swinging
Batting: SHB Jacob Wilcox 0-0: Foul Ball, location: 2F
0-1: Foul Ball, location: 2F
0-2: Strikes out looking
Batting: RHB Carlos Miranda 0-0: Ball
1-0: Swinging Strike
1-1: Swinging Strike
1-2: SINGLE (Groundball, 3D)
Miguel Toro to third
Runner from 3rd tries for Home, SAFE, no throw
Batting: RHB Wilfred Martin 0-0: Ball
1-0: Ball
2-0: Ball
3-0: Called Strike
3-1: Swinging Strike
3-2: Base on Balls
Carlos Miranda to second
Batting: SHB José González 0-0: Called Strike
0-1: Foul Ball, location: 2F
0-2: Ball
1-2: Ball
2-2: Strikes out swinging
Bottom of the 2nd over - 1 run(s), 2 hit(s), 0 error(s), 2 left on base; Columbia 6 - Wisconsin Rapids 1
TOP OF THE 3RD
Columbia 08s batting - Pitching for Wisconsin Rapids Rangers : RHP Júlio Feliciano
Batting: SHB Juan Carlos González 0-0: Ball
1-0: Ball
2-0: DOUBLE (Flyball, 89M)
Batting: RHB Jorge Mora 0-0: Ball
1-0: Ball
2-0: Ball
3-0: Base on Balls
Batting: RHB Nicoli Turina 0-0: SINGLE (Groundball, 34D)
Juan Carlos González to third
Jorge Mora to second
Batting: RHB Chris Burrell 0-0: Ball
1-0: Foul Ball, location: 2F
1-1: Ball
2-1: Ball
3-1: Foul Ball, location: 2F
3-2: Base on Balls
Juan Carlos González scores
Jorge Mora to third
Nicoli Turina to second
Batting: RHB Pedro López 0-0: Ball
1-0: Called Strike
1-1: Foul Ball, location: 2F
1-2: Ball
2-2: Fly out, F1 (Line Drive, 13)
Batting: RHB Juan Trujillo 0-0: Fly out, F4 (Line Drive, 4)
Batting: SHB William Hamilton 0-0: Ground out 5-3 (Groundball, 56S)
Top of the 3rd over - 1 run(s), 2 hit(s), 0 error(s), 3 left on base; Columbia 7 - Wisconsin Rapids 1
BOTTOM OF THE 3RD
Wisconsin Rapids Rangers batting - Pitching for Columbia 08s : RHP Jorge Amador
Batting: LHB Ralph Cobb 0-0: Ball
1-0: SINGLE (Groundball, 56) (infield hit)
Batting: LHB Ramón Morales 0-0: Called Strike
0-1: Called Strike
0-2: Ball
1-2: Ball
2-2: Foul Ball, location: 2F
2-2: Foul Ball, location: 2F
2-2: Ground out 3-1 (Groundball, 34S)
Ralph Cobb to second
Batting: LHB Dave Reynolds 0-0: Ball
1-0: Ball
2-0: Called Strike
2-1: Foul Ball, location: 2F
2-2: Ball
3-2: Base on Balls
Batting: RHB Miguel Toro 0-0: Ball
1-0: Called Strike
1-1: Foul Ball, location: 2F
1-2: Ball
2-2: Foul Ball, location: 2F
2-2: Strikes out swinging
Batting: RHB António Martínez 0-0: Called Strike
0-1: Foul Ball, location: 2F
0-2: Ball
1-2: Foul Ball, location: 2F
1-2: Fly out, F8 (Flyball, 78M)
Bottom of the 3rd over - 0 run(s), 1 hit(s), 0 error(s), 2 left on base; Columbia 7 - Wisconsin Rapids 1
TOP OF THE 4TH
Columbia 08s batting - Pitching for Wisconsin Rapids Rangers : RHP Júlio Feliciano
Batting: RHB Pablo Díaz 0-0: Ball
1-0: Called Strike
1-1: Ball
2-1: Swinging Strike
2-2: Ball
3-2: Strikes out swinging
Batting: RHB Tom Hicks 0-0: Called Strike
0-1: Ball
1-1: Called Strike
1-2: Foul Ball, location: 2F
1-2: Ball
2-2: Ball
3-2: Strikes out swinging
Batting: SHB Juan Carlos González 0-0: Called Strike
0-1: Foul Ball, location: 2F
0-2: Hit by Pitch
Batting: RHB Jorge Mora 0-0: SINGLE (Groundball, 6D)
Juan Carlos González to second
Batting: RHB Nicoli Turina 0-0: Ball
1-0: Ball
2-0: Ball
3-0: Called Strike
3-1: Foul Ball, location: 2F
3-2: Strikes out swinging
Top of the 4th over - 0 run(s), 1 hit(s), 0 error(s), 2 left on base; Columbia 7 - Wisconsin Rapids 1
BOTTOM OF THE 4TH
Wisconsin Rapids Rangers batting - Pitching for Columbia 08s : RHP Jorge Amador
Batting: SHB Jacob Wilcox 0-0: Ball
1-0: Ball
2-0: Ground out 4-3 (Groundball, 4)
Batting: RHB Carlos Miranda 0-0: Foul Ball, location: 2F
0-1: Ground out 6-3 (Groundball, 6)
Batting: RHB Wilfred Martin 0-0: Foul Ball, location: 2F
0-1: Ball
1-1: Called Strike
1-2: Foul Ball, location: 2F
1-2: Foul Ball, location: 2F
1-2: Foul Ball, location: 2F
1-2: Foul Ball, location: 2F
1-2: Ball
2-2: Ball
3-2: Base on Balls
Batting: SHB José González 0-0: SINGLE (Groundball, 56S) (infield hit)
Wilfred Martin to second
Batting: LHB Ralph Cobb 0-0: Called Strike
0-1: SINGLE (Line Drive, 8LS)
Wilfred Martin to third
José González to second
Runner from 3rd tries for Home, SAFE, throw made at trailing runner, SAFE at third!
Pitching: RHP Gabriel McDaniel
Batting: LHB Ramón Morales 0-0: Ball
1-0: Ball
2-0: Ball
3-0: Base on Balls
Ralph Cobb to second
Batting: LHB Dave Reynolds 0-0: Called Strike
0-1: Ball
1-1: Foul Ball, location: 2F
1-2: SINGLE (Line Drive, 56D)
José González scores
Ralph Cobb to third
Ramón Morales to second
Runner from 3rd tries for Home, SAFE, no throw
Batting: RHB Miguel Toro 0-0: Called Strike
0-1: SINGLE (Line Drive, 78S)
Ramón Morales to third
Dave Reynolds to second
Runner from 3rd tries for Home, SAFE, no throw
Batting: RHB António Martínez 0-0: Swinging Strike
0-1: Ball
1-1: Called Strike
1-2: Ball
2-2: Foul Ball, location: 2F
2-2: Ball
3-2: Base on Balls
Dave Reynolds to third
Miguel Toro to second
Batting: SHB Jacob Wilcox 0-0: Foul Ball, location: 2F
0-1: Ball
1-1: Swinging Strike
1-2: Ball
2-2: Ball
3-2: Foul Ball, location: 2F
3-2: Strikes out swinging
Bottom of the 4th over - 4 run(s), 4 hit(s), 0 error(s), 3 left on base; Columbia 7 - Wisconsin Rapids 5
TOP OF THE 5TH
Columbia 08s batting - Pitching for Wisconsin Rapids Rangers : RHP Júlio Feliciano
Batting: RHB Chris Burrell 0-0: Ball
1-0: Ball
2-0: Called Strike
2-1: Fly out, F6 (Popup, 6D)
Batting: RHB Pedro López 0-0: Called Strike
0-1: Foul Ball, location: 2F
0-2: Ball
1-2: Strikes out swinging
Batting: RHB Juan Trujillo 0-0: Swinging Strike
0-1: Ball
1-1: Ball
2-1: Ground out 1-3 (Groundball, P)
Top of the 5th over - 0 run(s), 0 hit(s), 0 error(s), 0 left on base; Columbia 7 - Wisconsin Rapids 5
BOTTOM OF THE 5TH
Wisconsin Rapids Rangers batting - Pitching for Columbia 08s : RHP Gabriel McDaniel
Batting: RHB Carlos Miranda 0-0: Ball
1-0: Ball
2-0: Foul Ball, location: 2F
2-1: Called Strike
2-2: Strikes out swinging
Batting: RHB Wilfred Martin 0-0: Ball
1-0: Ball
2-0: Ground out 4-3 (Groundball, 4)
Batting: SHB José González Error on foul ball, E2
0-1: Called Strike
0-2: Ball
1-2: Foul Ball, location: 2F
1-2: Ball
2-2: Ground out U3 (Groundball, 3L)
Bottom of the 5th over - 0 run(s), 0 hit(s), 1 error(s), 0 left on base; Columbia 7 - Wisconsin Rapids 5
TOP OF THE 6TH
Columbia 08s batting - Pitching for Wisconsin Rapids Rangers : RHP Júlio Feliciano
Batting: SHB William Hamilton 0-0: Ball
1-0: SINGLE (Groundball, 4) (infield hit)
Batting: RHB Pablo Díaz 0-0: Called Strike
0-1: Ball
1-1: Ball
2-1: Called Strike
2-2: Strikes out swinging
Batting: RHB Tom Hicks 0-0: Called Strike
0-1: Ball
1-1: Swinging Strike
1-2: Strikes out swinging
Batting: SHB Juan Carlos González 0-0: Ball
1-0: Called Strike
1-1: Foul Ball, location: 2F
1-2: Ball
2-2: Ball
3-2: Strikes out looking
Top of the 6th over - 0 run(s), 1 hit(s), 0 error(s), 1 left on base; Columbia 7 - Wisconsin Rapids 5
BOTTOM OF THE 6TH
Wisconsin Rapids Rangers batting - Pitching for Columbia 08s : RHP Gabriel McDaniel
Batting: LHB Ralph Cobb 0-0: Swinging Strike
0-1: Swinging Strike
0-2: Ball
1-2: Ball
2-2: Fly out, F7 (Flyball, 7LMF)
Batting: LHB Ramón Morales 0-0: Ball
1-0: Ground out 4-3 (Groundball, 4)
Batting: LHB Dave Reynolds 0-0: Ball
1-0: Ball
2-0: Called Strike
2-1: Ground out 5-3 (Groundball, 56S)
Bottom of the 6th over - 0 run(s), 0 hit(s), 0 error(s), 0 left on base; Columbia 7 - Wisconsin Rapids 5
TOP OF THE 7TH
Columbia 08s batting - Pitching for Wisconsin Rapids Rangers : RHP Júlio Feliciano
Pitching: LHP William Bazley
Batting: RHB Jorge Mora 0-0: Called Strike
0-1: Ball
1-1: Fly out, F9 (Line Drive, 9LS)
Batting: RHB Nicoli Turina 0-0: Called Strike
0-1: Foul Ball, location: 2F
0-2: Strikes out swinging
Batting: RHB Chris Burrell 0-0: Called Strike
0-1: Ball
1-1: Ball
2-1: Foul Ball, location: 2F
2-2: DOUBLE (Line Drive, 7LM)
Batting: RHB Pedro López 0-0: SINGLE (Groundball, 34D)
Chris Burrell to third
Runner from 3rd tries for Home, SAFE, no throw
Batting: RHB Juan Trujillo 0-0: Called Strike
0-1: Fielders Choice at 2nd, 6-4 (Groundball, 6)
Top of the 7th over - 1 run(s), 2 hit(s), 0 error(s), 0 left on base; Columbia 8 - Wisconsin Rapids 5
BOTTOM OF THE 7TH
Wisconsin Rapids Rangers batting - Pitching for Columbia 08s : RHP Gabriel McDaniel
Batting: RHB Miguel Toro 0-0: DOUBLE (Flyball, 89D)
Batting: RHB António Martínez 0-0: Called Strike
Miguel Toro steals 3rd base
0-1: Ball
1-1: Called Strike
1-2: SINGLE (Groundball, 6MD)
Miguel Toro scores
Pitching: RHP Irwin Conway
Batting: SHB Jacob Wilcox 0-0: Called Strike
0-1: Ball
1-1: Foul Ball, location: 2F
1-2: Fly out, F8 (Flyball, 8LS)
Batting: RHB Carlos Miranda 0-0: Called Strike
0-1: Foul Ball, location: 2F
0-2: Strikes out swinging
Batting: RHB Wilfred Martin 0-0: Ball
1-0: SINGLE (Groundball, 4MD)
António Martínez to second
Runner from 2nd tries for 3rd, SAFE, throw made to third
Batting: SHB José González 0-0: Foul Ball, location: 2F
0-1: Foul Ball, location: 2F
0-2: Ball
1-2: Fielders Choice at 2nd, 4-6 (Groundball, 4)
Bottom of the 7th over - 1 run(s), 3 hit(s), 0 error(s), 1 left on base; Columbia 8 - Wisconsin Rapids 6
TOP OF THE 8TH
Columbia 08s batting - Pitching for Wisconsin Rapids Rangers : LHP William Bazley
Batting: SHB William Hamilton 0-0: Ball
1-0: Ball
2-0: Called Strike
2-1: Fly out, F9 (Flyball, 9D)
Batting: RHB Pablo Díaz 0-0: Ball
1-0: Called Strike
1-1: Ball
2-1: Ball
3-1: Foul Ball, location: 2F
3-2: SINGLE (Flyball, 8RS)
Batting: RHB Tom Hicks 0-0: Ball
1-0: Ball
2-0: Swinging Strike
2-1: Ball
3-1: Called Strike
3-2: Foul Ball, location: 2F
3-2: Base on Balls
Pablo Díaz to second
Pinch Hitting: RHB Vernon Sterling 0-0: Foul Ball, location: 2F
0-1: Swinging Strike
0-2: Strikes out looking
Batting: RHB Jorge Mora 0-0: Foul Ball, location: 2F
0-1: Ball
1-1: SINGLE (Line Drive, 34D)
Pablo Díaz to third
Tom Hicks to second
Batting: RHB Nicoli Turina 0-0: Swinging Strike
0-1: TRIPLE (Flyball, 78D)
Pablo Díaz scores
Tom Hicks scores
Jorge Mora scores
Batting: RHB Chris Burrell 0-0: Intentional Walk
Pitching: RHP Nicholas Becker
Batting: RHB Pedro López 0-0: Foul Ball, location: 2F
0-1: Ball
1-1: Ground out 5-3 (Groundball, 56S)
Top of the 8th over - 3 run(s), 3 hit(s), 0 error(s), 2 left on base; Columbia 11 - Wisconsin Rapids 6
BOTTOM OF THE 8TH
Wisconsin Rapids Rangers batting - Pitching for Columbia 08s : RHP Irwin Conway
Now at SS: Henry Fox
Now in LF: Claudio Palácios
Batting: LHB Ralph Cobb 0-0: Ball
1-0: Ground out U3 (Groundball, 34)
Batting: LHB Ramón Morales 0-0: Called Strike
0-1: Ground out 5-3 (Groundball, 56S)
Batting: LHB Dave Reynolds 0-0: Called Strike
0-1: Ball
1-1: Foul Ball, location: 2F
1-2: Fly out, F8 (Line Drive, 8RM)
Bottom of the 8th over - 0 run(s), 0 hit(s), 0 error(s), 0 left on base; Columbia 11 - Wisconsin Rapids 6
TOP OF THE 9TH
Columbia 08s batting - Pitching for Wisconsin Rapids Rangers : RHP Nicholas Becker
Batting: RHB Juan Trujillo 0-0: Called Strike
0-1: Ball
1-1: Foul Ball, location: 2F
1-2: Ground out 6-3 (Groundball, 6)
Batting: SHB William Hamilton 0-0: Ball
1-0: Ground out 4-3 (Groundball, 4)
Batting: RHB Pablo Díaz 0-0: Foul Ball, location: 2F
0-1: Called Strike
0-2: Foul Ball, location: 2F
0-2: Ball
1-2: Foul Ball, location: 2F
1-2: Foul Ball, location: 2F
1-2: Strikes out swinging, 2-3 out at first.
Top of the 9th over - 0 run(s), 0 hit(s), 0 error(s), 0 left on base; Columbia 11 - Wisconsin Rapids 6
BOTTOM OF THE 9TH
Wisconsin Rapids Rangers batting - Pitching for Columbia 08s : RHP Irwin Conway
Batting: RHB Miguel Toro 0-0: Called Strike
0-1: Called Strike
0-2: SINGLE (Flyball, 8RS)
Batting: RHB António Martínez 0-0: Swinging Strike
0-1: Called Strike
0-2: Ball
1-2: Ball
2-2: Strikes out swinging
Batting: SHB Jacob Wilcox 0-0: Ball
1-0: Ball
2-0: Ball
3-0: Called Strike
3-1: Called Strike
3-2: Foul Ball, location: 2F
3-2: Fly out, F7 (Flyball, 7LSF)
Batting: RHB Carlos Miranda 0-0: Ball
1-0: Foul Ball, location: 2F
1-1: Called Strike
1-2: SINGLE (Groundball, 4MD)
Miguel Toro to second
Runner from 2nd tries for 3rd, SAFE, throw made to third
Carlos Miranda to second
Batting: RHB Wilfred Martin 0-0: Ground out 3-1 (Groundball, 34)
Bottom of the 9th over - 0 run(s), 2 hit(s), 0 error(s), 2 left on base; Columbia 11 - Wisconsin Rapids 6
Thursday, March 30th, 2017 - OOTP Baseball 17.12 Build 75